AoeStats
← qq1227853701

Arabia

504565475Analyzed
1v1 RM · 25d ago on Sep 5, 2026· 51m 45s· 2 players
Game mode
Random Map
Map size
Tiny (2 player)
Population
200
Speed
Normal
Resources
Standard
Victory
Conquest
Starting age
Dark Age
Ending age
Imperial Age
RankedLock teamsTeams togetherTeam positionsShared explorationLock speedFull tech treeHidden civsTurbo modeCheats
Victory
Defeat
🇮🇹 Franks · Italy
881
+33
🇩🇪 Goths · Germany
866
-15
R3genwurm
2:12 Loom
9:54 Feudal Age
10:43 Horse Collar
12:29 Man-at-Arms
22:23 Castle Age
20:41 Double-Bit Axe
21:24 Stone Mining
22:06 Gold Mining
22:22 Scale Mail Armor
22:56 Forging
24:46 Pikeman
26:36 Bow Saw
26:59 Squires
29:13 Stone Shaft Mining
30:28 Chain Mail Armor
40:24 Imperial Age
38:46 Heavy Plow
40:07 Padded Archer Armor
39:58 Fletching
40:34 Elite Skirmisher
45:50 Anarchy
47:29 Elite Huskarl
49:20 Iron Casting
48:50 Halberdier
qq1227853701
7:39 Loom
11:45 Feudal Age
17:27 Castle Age
16:27 Double-Bit Axe
23:04 Stone Mining
26:45 Bow Saw
27:38 Wheelbarrow
26:50 Town Watch
27:20 Fletching
28:22 Forging
28:28 Bodkin Arrow
31:06 Hand Cart
30:53 Town Patrol
32:42 #83
33:36 Iron Casting
32:49 Arson
33:05 Squires
34:22 Scale Mail Armor
38:46 Imperial Age
37:40 Chain Mail Armor
37:31 Scale Barding Armor
37:52 Gold Mining
39:27 Chain Barding Armor
39:10 Husbandry
40:31 Blast Furnace
38:56 Cavalier
41:24 Gold Shaft Mining
42:43 Chemistry
42:03 Ballistics
41:55 Fortified Wall
41:58 Masonry
41:44 Murder Holes
41:56 Siege Engineers
42:29 Conscription
42:14 Paladin
45:11 Chivalry
44:32 Elite Throwing Axeman
45:50 Hoardings
46:44 Plate Mail Armor
46:50 Plate Barding Armor
46:55 Architecture
Connection lost

Rejoining the realm…

Still unreachable

The connection could not be restored.

Session expired

The server has moved on; the page needs a fresh start.